 Dungeon Crawl Stone Soup version 0.20.0-6-gd3061e9 (webtiles) character file.

460 tv1990 the Covert (level 7, 0/46 HPs)
             Began as a Formicid Enchanter on May 28, 2017.
             Slain by a hound (4 damage)
             ... on level 4 of the Dungeon.
             The game lasted 00:15:33 (4792 turns).

tv1990 the Covert (Formicid Enchanter)              Turns: 4792, Time: 00:15:33

Health: 0/46       AC:  1    Str: 18    XL:     7   Next: 28%
Magic:  4/10       EV: 12    Int: 19    God:
Gold:   115        SH:  0    Dex: 13    Spells: 4/10 levels left

rFire    . . .     SeeInvis +   p - +2 dagger (venom)
rCold    . . .     Gourm    .   (no shield)
rNeg     . . .     Faith    .   b - +0 robe
rPois    .         Spirit   .   (helmet unavailable)
rElec    .         Reflect  .   (no cloak)
rCorr    .         Harm     .   f - -2 pair of gloves (curse)
MR       .....                  (no boots)
Stlth    ++++......             s - amulet of rage
Regen    0.2/turn               j - +5 ring of strength
MPRegen  0.2/turn               e - +5 ring of intelligence

@: no status effects
A: permanent stasis, dig shafts and tunnels, four strong arms, antennae 3
a: Dig, Shaft Self


You were on level 4 of the Dungeon.
You were near starving.

You visited 1 branch of the dungeon, and saw 5 of its levels.

You collected 115 gold pieces.

Inventory:

Hand Weapons
 a - a +2 dagger
 i - a +0 blowgun
 p - a +2 dagger of venom (weapon)
 r - a +0 rapier
Missiles
 k - 10 poisoned needles
Armour
 b - a +0 robe (worn)
 f - a cursed -2 pair of gloves (worn)
 l - a +0 pair of boots
Jewellery
 e - a +5 ring of intelligence (right hand)
 j - a +5 ring of strength (left hand)
 s - an amulet of rage (around neck)
Scrolls
 m - a scroll of identify
 q - a scroll of remove curse
 t - a scroll of enchant weapon
Books
 c - a book of Maledictions

   Spells                             Type                      Level
   a - Corona                         Hexes                        1
   b - Ensorcelled Hibernation        Hexes/Ice                    2
   c - Confuse                        Hexes                        3
   d - Tukima's Dance                 Hexes                        3
   e - Dazzling Spray                 Conjuration/Hexes            3
Comestibles
 d - 3 bread rations
 g - 3 royal jellies


   Skills:
 + Level 3.7 Short Blades
 + Level 2.1 Throwing
 - Level 1.7 Dodging
 * Level 8.1 Stealth
 - Level 2.1 Spellcasting
 - Level 3.6 Hexes


You had 4 spell levels left.
You knew the following spells:

 Your Spells              Type           Power        Failure   Level  Hunger
a - Corona                Hex            ###....      3%          1    #......
b - Ensorcelled Hibernat  Hex/Ice        #.....       12%         2    ##.....
c - Confuse               Hex            ###.....     11%         3    ###....


Dungeon Overview and Level Annotations

Branches:
Dungeon (5/15)
 Temple: D:4-7

Altars:
Kikubaaqudgha
Makhleb
Uskayaw


Innate Abilities, Weirdness & Mutations

You cannot be hasted, slowed, berserked, paralysed or teleported.
You can dig through walls and to a lower floor.
Your four strong arms can wield two-handed weapons with a shield.
You have a pair of large antennae on your head. (SInv)


Message History

Aiming: Ensorcelled Hibernation
Press: ? - help, Shift-Dir - straight line, f - hound
Aim: a hound (moderately wounded, poisoned, chance to defeat MR: 49%)
The hound resists with some effort.
The hound bites you.
* * * LOW HITPOINT WARNING * * *
Casting: Ensorcelled Hibernation
Confirm with . or Enter, or press ? or * to list all spells.
Aiming: Ensorcelled Hibernation
Press: ? - help, Shift-Dir - straight line, f/p - hound
Aim: a hound (moderately wounded, poisoned, chance to defeat MR: 49%)
The hound resists with some effort.
The hound bites you.
* * * LOW HITPOINT WARNING * * *
The hound barely misses you.
Casting: Ensorcelled Hibernation
Confirm with . or Enter, or press ? or * to list all spells.
Aiming: Ensorcelled Hibernation
Press: ? - help, Shift-Dir - straight line, f/p - hound
Aim: a hound (heavily wounded, poisoned, chance to defeat MR: 49%)
The hound resists with some effort.
The hound bites you.
You die...

############
....($.....#
#.......#
#.......#
#$.....h#
......#.#.#
..##.#.#.#.####
. ....(.s..>h@#
....#.#.######
....#.#.# .. #
#.# { .{ #. ..
##.### .....
##...##


You could see a hound and a giant cockroach.

Vanquished Creatures
  2 ogres (D:5)
  A bullfrog zombie (D:5)
  A hound (D:3)
  Ijyb (D:4)
  An orc wizard (D:4)
  A worker ant (D:4)
  4 adders
  2 oozes
  6 worms
  4 dart slugs
  3 orcs
  2 ball pythons (D:2)
  5 giant cockroaches
  10 goblins
  11 hobgoblins
  4 jackals (D:1)
  15 kobolds
  9 bats
  3 frilled lizards
  3 rats (D:1)
88 creatures vanquished.

Vanquished Creatures (others)
  7 toadstools (D:2)
7 creatures vanquished.

Grand Total: 95 creatures vanquished

Notes
Turn   | Place    | Note
-------+----------+-------------------------------------------
     0 | D:1      | tv1990 the Formicid Enchanter began the quest for the Orb.
     0 | D:1      | Reached XP level 1. HP: 13/13 MP: 3/3
     0 | D:1      | Noticed a large abomination
     2 | D:1      | Noticed a tentacled monstrosity
     2 | D:1      | Noticed a red draconian
     4 | D:1      | Noticed a shadow dragon
     5 | D:1      | Noticed a large abomination
     6 | D:1      | Noticed a green draconian
     7 | D:1      | Noticed an ice dragon
     8 | D:1      | Noticed an ice dragon
    10 | D:1      | Noticed an ice dragon
    10 | D:1      | Noticed a green draconian
    12 | D:1      | Noticed a shadow dragon
    14 | D:1      | Noticed a purple draconian
    14 | D:1      | Noticed a white draconian
    16 | D:1      | Noticed an ice dragon
    16 | D:1      | Noticed a tentacled monstrosity
    16 | D:1      | Noticed a tentacled monstrosity
    54 | D:1      | Reached skill level 4 in Stealth
    58 | D:1      | Reached XP level 2. HP: 19/19 MP: 5/5
   346 | D:1      | Learned a level 2 spell: Ensorcelled Hibernation
   397 | D:1      | Reached XP level 3. HP: 15/24 MP: 3/6
   402 | D:1      | Learned a level 3 spell: Confuse
   900 | D:1      | Reached skill level 5 in Stealth
  1374 | D:2      | Reached XP level 4. HP: 30/30 MP: 7/7
  2450 | D:2      | You fall through a shaft!
  2715 | D:3      | Reached XP level 5. HP: 28/35 MP: 3/8
  2839 | D:3      | Reached skill level 6 in Stealth
  3950 | D:3      | Found an ancient bone altar of Kikubaaqudgha.
  3955 | D:3      | Found a burning altar of Makhleb.
  3970 | D:3      | Found a hide-covered altar of Uskayaw.
  4394 | D:4      | Reached skill level 7 in Stealth
  4394 | D:4      | Reached XP level 6. HP: 41/41 MP: 9/9
  4461 | D:4      | You fall through a shaft!
  4461 | D:5      | Entered Level 5 of the Dungeon
  4672 | D:5      | Noticed an ogre
  4682 | D:5      | Reached skill level 1 in Throwing
  4695 | D:5      | Noticed an ogre
  4713 | D:5      | Killed an ogre
  4728 | D:5      | HP: 2/41 [ogre/giant club (20)]
  4732 | D:5      | Killed an ogre
  4732 | D:5      | Reached XP level 7. HP: 3/46 MP: 5/10
  4762 | D:4      | Noticed Ijyb
  4780 | D:4      | Reached skill level 8 in Stealth
  4788 | D:4      | Killed Ijyb
  4792 | D:4      | Slain by a hound

Skill      XL: |  1  2  3  4  5  6  7 |
---------------+----------------------+-----
Stealth        | 4 5 7 8 |  8.1
Short Blades   | 2 3 |  3.7
Throwing       | 1 2 |  2.1
Dodging        | |  1.7
Spellcasting   | |  2.1
Hexes          | |  3.6

Action                   |  1- 3 |  4- 6 |  7- 9 || total
-------------------------+-------+-------+-------++-------
Melee: Dagger            |   103 |   135 |    17 ||   255
 Fire: Blowgun           |       |    73 |     3 ||    76
 Cast: Ensorcelled Hiber |     6 |    21 |     3 ||    30
       Confuse           |       |     1 |       ||     1
 Abil: Dig               |     1 |     3 |     1 ||     5
       Shaft Self        |       |     2 |       ||     2
  Use: Scroll            |       |     4 |     1 ||     5
       Potion            |       |     1 |     2 ||     3
 Stab: Sleeping          |    16 |    10 |       ||    26
       Distracted        |     1 |       |       ||     1
       Confused          |       |     2 |       ||     2
  Eat: Chunk             |     2 |    12 |       ||    14
Armor: Robe              |    11 |    18 |       ||    29
Dodge: Dodged            |    66 |    79 |    12 ||   157

Vault maps used:
D:1:      shiori_arrival_whats_in_store_for_you
D:2:      cheibrodos_fertilizer, st_stairs_6
D:3:      minmay_overflow_temple_star_quad, first_bread, corexii_hall_statues_l
D:4:      cheibrodos_greedy_goblins, amethyst_killhole, uniq_ijyb
D:5:      yredelemnul_forgotten_temple_becter
